 Dungeon Crawl Stone Soup version 0.31.0-32-g396128a36d (webtiles) character file.

Game seed: 15595250012665249608

388 NotreDorf the Poker (level 6, -6/48 HPs)
             Began as a Merfolk Gladiator on Apr 6, 2024.
             Mangled by Duvessa
             ... wielding a +0 rapier
              (11 damage)
             ... on level 4 of the Dungeon.
             The game lasted 00:06:50 (2511 turns).

NotreDorf the Poker (Merfolk Gladiator)             Turns: 2511, Time: 00:06:50

Health: -6/48      AC:  5    Str: 17    XL:     6   Next: 79%
Magic:  6/6        EV: 14    Int: 13    God:
Gold:   177        SH:  0    Dex: 15    Spells: 5/5 levels left

rFire   . . .        n - +7 Throatcutter {drain, coup de grace}
rCold   . . .        (no shield)
rNeg    . . .        b - +0 leather armour
rPois   .            c - +0 helmet
rElec   .            (no cloak)
rCorr   .            (no gloves)
SInv    .            h - +0 pair of boots
Will    .....        (no amulet)
Stlth   +            f - +6 ring of intelligence
HPRegen 0.28/turn    (no ring)
MPRegen 0.10/turn

%: no passive effects
@: no status effects
A: (nimble swimmer 2), mertail
a: no special abilities


You were on level 4 of the Dungeon.
You visited 1 branch of the dungeon, and saw 4 of its levels.

You collected 177 gold pieces.

Inventory:

Hand Weapons
 a - a +0 trident
 n - the +7 Throatcutter (weapon) {drain, coup de grace}
   (You took it off Terence on level 2 of the Dungeon)
Missiles
 d - 3 throwing nets
 g - 17 stones
Armour
 b - a +0 leather armour (worn)
 c - a +0 helmet (worn)
 h - a +0 pair of boots (worn)
Jewellery
 f - a +6 ring of intelligence (left hand)
Scrolls
 i - 2 scrolls of poison {unknown}
 j - 4 scrolls of identify {unknown}
 k - a scroll of amnesia {unknown}
 l - 2 scrolls of teleportation {unknown}
 m - 2 scrolls of enchant armour {unknown}
 q - a scroll of immolation {unknown}
 r - 2 scrolls of summoning {unknown}
 s - a scroll of blinking {unknown}
Potions
 o - a potion of berserk rage {unknown}
 p - a potion of curing {unknown}
 t - a potion of brilliance {unknown}


   Skills:
 + Level 4.0 Fighting
 + Level 2.5 Long Blades
 + Level 5.8 Polearms
 + Level 3.6 Throwing
 + Level 5.6 Dodging


You had 5 spell levels left.
You didn't know any spells.
Your spell library contained the following spells:

 Spells                   Type           Power      Damage    Failure   Level
 Call Imp                 Summ           0%         N/A       50%         2
 Ensorcelled Hibernation  Hex/Ice        0%         N/A       50%         2
 Jinxbite                 Hex            0%         N/A       50%         2
 Sublimation of Blood     Necr           0%         N/A       50%         2
 Gell's Gravitas          Tloc           0%         N/A       75%         3
 Passwall                 Erth           0%         N/A       75%         3
 Swiftness                Air            0%         N/A       75%         3
 Teleport Other           Tloc           0%         N/A       75%         3
 Yara's Violent Unravell  Hex/Alch       0%         3d3       100%        5
 Dispersal                Tloc           0%         N/A       100%        6
 Enfeeble                 Hex            0%         N/A       100%        7
 Summon Hydra             Summ           0%         N/A       100%        7


Dungeon Overview and Level Annotations

Branches:
Dungeon (4/15)
 Temple: D:4-7

Altars:
Cheibriados
Elyvilon
Ru
Wu Jian

Annotations:
D:3 1 runed translucent door, Crazy Yiuf
D:4 Duvessa


Innate Abilities, Weirdness & Mutations

((You are very nimble when in or above water. (Stealth+, EV+, Speed+++)))
Your lower body shifts to a powerful aquatic tail in water.


Message History

You slash Dowan! You drain Dowan.
You kill Dowan!
You hear a distant scream of rage.
A goblin comes into view. It is wielding a +0 dagger.
Your Fighting skill increases to level 4!
A goblin is nearby!
Things that are here:
a +0 dagger; a +0 robe; the elf corpse of Dowan You slash the goblin!
You kill the goblin!
Things that are here:
a +0 dagger; a goblin corpse Duvessa, Sister of Dowan comes into view.
She is wielding a +0 rapier.
Duvessa shouts!
Duvessa goes berserk!
Duvessa rages.
You see here a javelin.
You barely miss Duvessa. Duvessa hits you with a +0 rapier.
Duvessa hits you with a +0 rapier!
You hit Duvessa. You drain Duvessa.
Duvessa is lightly wounded.
Duvessa hits you with a +0 rapier.
You slash Duvessa! You drain Duvessa.
Duvessa is heavily wounded.
Duvessa hits you but does no damage. Duvessa closely misses you.
You barely miss Duvessa.
Duvessa is heavily wounded.
Duvessa hits you but does no damage. Duvessa hits you with a +0 rapier.
You are too injured to fight recklessly!
You are too injured to fight recklessly!
You slash Duvessa!
Duvessa is severely wounded.
Duvessa hits you with a +0 rapier!
* * * LOW HITPOINT WARNING * * *
Duvessa hits you with a +0 rapier!
* * * LOW HITPOINT WARNING * * *
You barely miss Duvessa.
Duvessa is severely wounded.
Duvessa hits you with a +0 rapier!
You die...

##### #.e@##
#....#..##
#### ##)^##
##..###
###### ##.).#
#.....
###.####
#.....
#....###.....
###...##.....
#...##.....


You could see Duvessa (berserk, very drained).

Vanquished Creatures
  Sigmund (D:3)
  Dowan (D:4)
  Terence (D:2)
  4 gnolls (D:3)
  5 adders
  5 orcs (D:3)
  7 bats
  7 endoplasms
  3 giant cockroaches (D:1)
  6 goblins
  7 hobgoblins
  3 jackals (D:3)
  5 kobolds
  4 quokkas
  A ball python (D:3)
  7 frilled lizards
  6 rats
73 creatures vanquished.

Notes
Turn   | Place    | Note
-------+----------+-------------------------------------------
     0 | D:1      | NotreDorf the Merfolk Gladiator began the quest for the
                  | Orb.
     0 | D:1      | Reached XP level 1. HP: 16/16 MP: 1/1
   146 | D:1      | Reached XP level 2. HP: 23/23 MP: 2/2
   227 | D:1      | Found a faded altar of an unknown god.
   480 | D:1      | Reached XP level 3. HP: 28/28 MP: 3/3
  1323 | D:2      | Noticed Terence
  1334 | D:2      | Killed Terence
  1335 | D:2      | Reached XP level 4. HP: 6/34 MP: 4/4
  1543 | D:2      | You fall into a shaft and drop 1 floor!
  1605 | D:3      | Noticed Sigmund
  1614 | D:3      | Killed Sigmund
  1615 | D:3      | Reached skill level 5 in Polearms
  1615 | D:3      | Reached skill level 5 in Dodging
  1615 | D:3      | Reached XP level 5. HP: 32/42 MP: 5/5
  1615 | D:3      | Reached XP level 6. HP: 36/48 MP: 6/6
  1728 | D:3      | Found a white marble altar of Elyvilon.
  1856 | D:3      | Found a runed translucent door.
  1857 | D:3      | Noticed Crazy Yiuf
  1959 | D:3      | Found a sacrificial altar of Ru.
  2062 | D:3      | Found a snail-covered altar of Cheibriados.
  2484 | D:4      | Found an ornate altar of the Wu Jian Council.
  2494 | D:4      | Noticed Dowan
  2498 | D:4      | Killed Dowan
  2505 | D:4      | Noticed Duvessa
  2511 | D:4      | Mangled by Duvessa

Illustrated notes

Levels and vault maps discovered:
D:1:      heliophobic_arrival_henge, layout_loops_cross,
          ebering_ecumenical_altar_webs
D:2:      layout_basic, uniq_terence
D:3:      layout_loops_ring, mainiacjoe_overflow_concentric_impassable,
          overflow_temple_1_default, mainiacjoe_overflow_boulevard,
          uniq_sigmund, uniq_crazy_yiuf_cottage
D:4:      layout_basic, mainiacjoe_overflow_alcove_2, nzn_wu_jian_council_hall,
          enter_ossuary_2, serial_curves, eino_curves_02, eino_curves_03,
          uniq_grinder, uniq_natasha, uniq_duvessa

Skill      XL: |  1  2  3  4  5  6 |
---------------+-------------------+-----
Fighting       | 3 4 |  4.0
Long Blades    | 2 |  2.5
Polearms       | 5 |  5.8
Throwing       | 3 |  3.6
Dodging        | 5 |  5.6

Action                     |  1- 3 |  4- 6 || total
---------------------------+-------+-------++-------
  Melee: Trident           |   113 |       ||   113
         Punch             |     2 |       ||     2
         Long sword        |       |    66 ||    66
  Throw: Javelin           |       |     1 ||     1
   Stab: Sleeping          |     2 |       ||     2
         Distracted        |     1 |       ||     1
 Armour: Leather armour    |    27 |    33 ||    60
  Dodge: Dodged            |    68 |    38 ||   106
